Map: [ESL] Hecate

Players

Clem - Winner!

  • Race: Terran Terran
  • Spawn Location: 1:00

Oliveira

  • Race: Terran Terran
  • Spawn Location: 7:00

Event: IEM Katowice 2024

VOD

Have the link to the VOD?

Description

Time

  • Played on: Feb. 9, 2024, 5:34 a.m.
  • Length: 22:49

All games in this series

Show
View Real Time Build Order
Export as new Build Order

Clem Terran - Winner!

Build Orders: Cyclone Opening 

Get SALT Encoding   

  12  0:00  SCV  
  13  0:12  SCV  
  14  0:17  Supply Depot  
  14  0:24  SCV  
  15  0:38  SCV  
  15  0:40  Barracks  
  16  0:43  Refinery  
  16  0:50  SCV  
  16  0:52  Refinery  
  17  1:02  SCV  
  18  1:14  SCV  
  19  1:26  Orbital Command  
  19  1:27  Reaper  
  19  1:32  Supply Depot  
  20  1:41  Factory  
  20  1:53  SCV  
  21  1:59  Reaper  
  22  2:05  SCV  
  23  2:14  Command Center  
  23  2:17  SCV  
  24  2:24  Cyclone  
  24  2:29  SCV  
  27  2:31  Reaper  
  27  2:35  Supply Depot  
  28  2:42  SCV  
  29  2:46  Starport  
  29  2:56  SCV  
  29  2:57  Factory Tech Lab  
  30  3:03  Barracks Reactor  
  30  3:08  SCV  
  31  3:16  Refinery  
  31  3:20  Siege Tank, SCV  
  31  3:25  Orbital Command  
  31  3:26  Starport Tech Lab  
  35  3:32  SCV  
  36  3:39  Marine  
  36  3:40  Marine  
  38  3:44  SCV  
  39  3:49  Raven  
  39  3:51  SCV  
  42  3:56  SCV  
  42  4:01  Command Center  
  43  4:03  SCV  
  43  4:09  Siege Tank  
  47  4:11  SCV  
  47  4:15  Supply Depot  
  47  4:16  SCV  
  49  4:19  Marine  
  49  4:20  Marine  
  49  4:21  Interference Matrix  
  52  4:24  SCV  
  52  4:29  Raven  
  54  4:32  Supply Depot  
  54  4:36  SCV x2  
  56  4:45  Supply Depot  
  57  4:48  SCV x2  
  58  4:53  Factory Reactor  
  58  4:54  Barracks x2  
  58  4:57  Bunker  
  58  5:00  SCV  
  58  5:02  Stimpack  
  58  5:04  Marine  
  58  5:07  SCV  
  61  5:09  Raven  
  61  5:12  SCV, Refinery  
  64  5:15  Orbital Command  
  64  5:19  SCV  
  65  5:22  Marine  
  65  5:24  SCV  
  65  5:28  Engineering Bay  
  67  5:29  Engineering Bay  
  67  5:31  SCV  
  68  5:37  SCV  
  68  5:39  Marine  
  68  5:41  SCV  
  68  5:42  Marine x2  
  72  5:43  SCV  
  72  5:49  Supply Depot, SCV  
  75  5:50  Siege Tank  
  75  5:51  Marine  
  75  5:52  Marine  
  75  5:55  SCV  
  81  5:57  Terran Infantry Weapons Level 1, Marine  
  81  5:58  Starport Reactor, Terran Infantry Armor Level 1  
  81  6:00  Orbital Command  
  81  6:01  SCV  
  83  6:04  Marine  
  83  6:05  Marine  
  83  6:07  SCV  
  83  6:09  Marine  
  87  6:13  Barracks  
  87  6:14  Barracks  
  87  6:16  SCV  
  88  6:19  SCV  
  88  6:20  Marine  
  88  6:21  Marine  
  88  6:25  Marine x2  
  92  6:27  Marine, SCV  
  92  6:28  SCV  
  92  6:29  Supply Depot  
  92  6:32  Siege Tank  
  99  6:34  Supply Depot  
  99  6:36  SCV  
  99  6:38  Marine  
  99  6:39  Marine  
  100  6:42  Marine  
  100  6:43  Marine, SCV  
  99  6:48  SCV  
  99  6:49  SCV  
  99  6:53  Armory  
  100  6:55  SCV  
  100  6:56  Combat Shield  
  100  7:00  SCV  
  100  7:01  Marine, Supply Depot  
  102  7:03  Marine x2  
  102  7:07  Siege Tank  
  108  7:10  SCV  
  108  7:11  SCV  
  108  7:13  Missile Turret, SCV  
  111  7:16  Barracks Reactor x2  
  111  7:21  Marine x2  
  111  7:22  SCV  
  114  7:23  SCV, Supply Depot  
  114  7:24  Marine x2  
  114  7:27  Refinery  
  114  7:28  Medivac, Refinery  
  119  7:32  Medivac  
  119  7:33  Marine  
  119  7:36  Supply Depot  
  122  7:38  Missile Turret, SCV  
  122  7:42  Sensor Tower, Marine x2  
  125  7:44  Siege Tank, SCV  
  125  7:45  SCV  
  130  7:56  SCV  
  130  7:59  Terran Infantry Weapons Level 2  
  130  8:01  Command Center  
  130  8:02  Marine  
  130  8:03  Supply Depot  
  131  8:06  SCV, Marine x4  
  131  8:07  Marine x2  
  131  8:09  Marine  
  140  8:15  Supply Depot  
  140  8:16  Medivac x2  
  143  8:22  Marine  
  143  8:23  Factory  
  143  8:24  Marine x3  
  143  8:25  Marine  
  143  8:26  Supply Depot  
  148  8:28  Barracks Reactor  
  148  8:29  Marine  
  148  8:30  Marine  
  150  8:34  Marine  
  150  8:35  Siege Tank  
  150  8:39  Marine  
  154  8:47  Marine, Medivac  
  154  8:48  Marine  
  131  8:49  SCV  
  131  8:50  Marine, SCV  
  131  8:51  Marine, SCV  
  131  8:53  Marine  
  131  8:54  Marine x2  
  139  8:57  Marine  
  139  9:01  SCV  
  139  9:02  SCV  
  136  9:03  SCV  
  136  9:05  Marine  
  136  9:06  Marine  
  136  9:07  Siege Tank, Marine, Refinery  
  136  9:08  Marine  
  136  9:09  Marine x2  
  146  9:10  Marine  
  146  9:12  Marine  
  146  9:13  SCV  
  146  9:14  SCV  
  146  9:15  Marine x2  
  151  9:23  Marine  
  151  9:24  Marine  
  151  9:30  Marine x2  
  153  9:35  Marine  
  153  9:36  Marine  
  153  9:37  Marine  
  153  9:38  Marine x2, Starport  
  150  9:39  Siege Tank, Marine  
  150  9:40  SCV  
  150  9:41  SCV  
  150  9:42  Marine  
  150  9:43  Marine  
  153  9:47  Marine  
  153  9:48  Marine  
  153  9:51  Barracks  
  153  9:52  Barracks  
  151  9:53  Marine  
  151  9:54  Marine  
  151  9:55  Marine  
  151  9:56  Marine  
  151  9:57  Marine  
  151  9:58  Marine, SCV x2  
  150  10:05  Marine  
  144  10:07  Marine  
  144  10:08  Marine x2  
  144  10:10  SCV  
  144  10:11  Siege Tank  
  148  10:16  Orbital Command  
  148  10:17  Medivac  
  148  10:18  Marine  
  146  10:22  Marine  
  146  10:23  Marine x2  
  146  10:24  Marine  
  146  10:25  Marine x2  
  148  10:29  Marine  
  148  10:33  Marine  
  148  10:35  Marine  
  149  10:38  Terran Infantry Armor Level 2  
  149  10:39  Marine  
  149  10:41  Marine  
  146  10:43  Siege Tank  
  149  10:59  Marine  
  149  11:00  Marine x3  
  149  11:01  Marine x5  
  149  11:02  Marine  
  129  11:04  Marine  
  104  11:15  Siege Tank  
  104  11:17  Marine  
  104  11:18  Marine x6  
  105  11:23  Orbital Command  
  110  11:26  Marine  
  110  11:31  Marine  
  112  11:36  Marine x3  
  112  11:38  Marine  
  116  11:45  Orbital Command  
  116  11:47  Siege Tank  
  116  11:53  Marine  
  116  11:54  Marine x2  
  121  11:59  Marine  
  121  12:01  Marine  
  106  12:03  Marine x2  
  106  12:05  Marine  
  109  12:09  Marine x2  
  109  12:10  SCV  
  109  12:11  SCV  
  109  12:14  SCV  
  111  12:18  Marine  
  111  12:19  Marine  
  111  12:20  Siege Tank  
  111  12:21  Marine  
  111  12:22  SCV  
  118  12:24  Marine  
  118  12:27  Marine  
  118  12:29  Marine  
  113  12:33  Marine x2  
  113  12:36  Marine  
  109  12:43  Terran Infantry Weapons Level 3  
  109  12:46  Marine  
  109  12:48  Marine  
  109  12:50  Marine  
  112  12:56  Marine  
  112  12:57  Marine  
  114  12:58  Marine  
  114  13:04  Marine  
  116  13:06  Marine x7  
  116  13:08  Siege Tank, Marine  
  127  13:14  Marine  
  127  13:15  Terran Vehicle Weapons Level 1, Marine  
  127  13:16  Orbital Command  
  127  13:17  Medivac  
  113  13:24  Marine x2  
  114  13:33  Marine  
  114  13:36  Marine  
  114  13:40  Marine x2  
  108  13:45  Marine x2  
  108  13:47  Marine  
  111  13:49  Marine  
  111  13:54  Marine  
  111  13:55  Marine x2  
  111  14:01  Siege Tank  
  109  14:05  Marine  
  109  14:06  Marine  
  109  14:09  Marine  
  112  14:14  Sensor Tower, Marine x2  
  114  14:18  Marine x2  
  114  14:20  Orbital Command  
  114  14:21  Marine x2  
  118  14:28  Marine x2  
  120  14:32  Marine  
  120  14:33  Siege Tank  
  120  14:36  Marine  
  120  14:37  Marine  
  123  14:49  Marine x2  
  123  14:51  Marine  
  117  14:53  Marine  
  117  14:54  Marine x4  
  117  14:57  Marine  
  122  15:06  Marine x3  
  121  15:08  SCV  
  121  15:09  Marine  
  121  15:10  Sensor Tower, Marine  
  121  15:12  SCV  
  125  15:15  Missile Turret, Marine x2  
  125  15:16  Marine x2, Refinery  
  125  15:17  Marine, Refinery  
  125  15:18  Marine  
  125  15:20  SCV  
  131  15:22  Marine, Supply Depot  
  131  15:27  Marine  
  131  15:28  Marine x2  
  126  15:30  Marine  
  127  15:39  Marine  
  128  15:44  SCV  
  128  15:45  Command Center, SCV  
  128  15:46  Supply Depot  
  131  15:52  SCV  
  131  15:54  Refinery  
  131  15:57  SCV, Marine  
  130  16:00  Terran Infantry Armor Level 3  
  130  16:02  Marine x2  
  130  16:03  Marine x4  
  138  16:06  Marine  
  138  16:07  Marine  
  138  16:08  Supply Depot  
  138  16:10  Marine  
  141  16:13  Marine  
  141  16:14  Marine  
  141  16:16  Supply Depot, SCV x2  
  141  16:17  SCV  
  146  16:21  Terran Vehicle Weapons Level 2  
  146  16:23  Marine  
  146  16:24  Marine  
  148  16:28  SCV  
  148  16:29  Marine  
  148  16:31  Medivac  
  148  16:32  Marine x2  
  149  16:36  Marine  
  149  16:39  Marine  
  151  16:42  Marine x2  
  151  16:43  Marine  
  151  16:46  Marine  
  155  16:48  Marine x2  
  155  16:49  Marine  
  155  16:50  Marine  
  158  16:57  Marine  
  158  16:58  Marine x2  
  158  16:59  Marine  
  158  17:00  Marine x3  
  158  17:01  Medivac  
  161  17:04  SCV x2, Marine  
  161  17:05  SCV  
  161  17:06  Marine  
  165  17:12  Siege Tank  
  169  17:16  SCV  
  162  17:23  Marine x2  
  162  17:24  Marine, SCV  
  162  17:36  Barracks x2  
  156  17:43  Marine  
  148  17:48  Marine x5  
  148  17:49  Factory Tech Lab  
  148  17:51  Marine, Medivac  
  140  17:53  SCV  
  138  18:01  Marine  
  138  18:04  SCV  
  136  18:05  SCV  
  136  18:06  Marine x2  
  136  18:07  Marine x3  
  136  18:09  Marine  
  140  18:16  SCV  
  138  18:21  Marine, Medivac  
  138  18:24  Marine  
  138  18:25  Marine  
  141  18:27  Marine  
  130  18:34  Marine  
  130  18:37  Marine  
  132  18:46  Marine  
  132  18:48  Marine  
  134  18:49  Marine  
  135  18:56  Marine  
  135  18:57  Marine  
  135  19:01  Siege Tank, Marine  
  141  19:04  Marine x2  
  141  19:09  Medivac  
  140  19:10  Marine x2  
  140  19:13  Marine  
  140  19:16  Marine  
  118  19:25  Marine  
  118  19:26  Marine  
  118  19:29  Marine  
  121  19:31  Marine  
  112  19:38  Medivac  
  112  19:41  Marine  
  112  19:43  Marine  
  112  19:45  Marine  
  113  19:55  Marine  
  100  20:03  Marine  
  90  20:08  Orbital Command  
  90  20:21  Marine  
  90  20:22  Marine  
  90  20:25  Marine  
  92  20:33  Marine  
  93  20:37  Marine  
  93  20:40  Marine  
  95  20:43  Marine  
  95  20:45  Marine  
  95  20:48  Marine  
  94  20:53  Orbital Command  
  94  21:01  Siege Tank  
  97  21:07  Marine x3  
  97  21:10  Marine  
  101  21:12  Marine  
  102  21:19  Marine x4  
  77  21:37  Marine  
  74  21:40  Marine  
  74  21:41  Marine  
  74  21:42  Marine  
  74  21:46  Marine  
  73  21:51  Marine  
  74  21:55  Marine  
  74  22:01  Marine  
  76  22:05  Marine  
  77  22:12  SCV  
  75  22:23  Marine  
  75  22:24  SCV  
  76  22:36  SCV  
Show
View Real Time Build Order
Export as new Build Order

Oliveira Terran 

Build Orders: Cyclone Opening 

Get SALT Encoding   

  12  0:00  SCV  
  13  0:12  SCV  
  14  0:16  Supply Depot  
  14  0:24  SCV  
  15  0:38  SCV  
  15  0:40  Barracks  
  16  0:44  Refinery  
  16  0:50  SCV  
  16  0:55  Refinery  
  17  1:02  SCV  
  18  1:14  SCV  
  19  1:27  Orbital Command, Reaper  
  19  1:30  Supply Depot  
  20  1:43  Factory  
  20  1:54  SCV  
  21  2:00  Reaper  
  22  2:06  SCV  
  23  2:17  Command Center  
  23  2:21  SCV  
  24  2:28  Cyclone  
  26  2:33  Reaper, SCV  
  28  2:41  Supply Depot  
  28  2:45  SCV  
  29  2:59  SCV  
  29  3:00  Factory Tech Lab  
  30  3:06  Barracks Reactor  
  30  3:11  SCV  
  31  3:19  Siege Tank  
  34  3:24  SCV  
  34  3:26  Starport  
  35  3:29  Orbital Command  
  35  3:36  SCV  
  36  3:45  Command Center  
  36  3:48  SCV  
  37  3:51  Siege Tank  
  37  3:55  SCV  
  41  4:00  SCV, Marine x2  
  44  4:05  Starport Tech Lab  
  44  4:06  Refinery  
  44  4:07  SCV  
  45  4:12  SCV  
  45  4:16  Supply Depot  
  46  4:18  Marine x2  
  46  4:19  SCV  
  46  4:23  Raven  
  51  4:24  SCV  
  51  4:31  SCV  
  53  4:36  SCV  
  54  4:41  Barracks, Factory Reactor  
  54  4:43  SCV  
  54  4:45  Barracks, Bunker  
  55  4:48  Marine  
  55  4:49  Stimpack, SCV  
  57  4:55  SCV  
  57  4:58  Orbital Command  
  58  5:01  SCV  
  58  5:05  Raven, Marine  
  62  5:07  SCV  
  62  5:12  Supply Depot  
  62  5:13  SCV  
  64  5:19  Engineering Bay x2  
  64  5:21  SCV  
  65  5:24  SCV  
  65  5:25  Factory Reactor  
  65  5:26  SCV  
  67  5:33  SCV  
  67  5:35  Barracks, Marine  
  69  5:39  Marine x3  
  69  5:40  Barracks  
  69  5:42  Marine  
  73  5:46  Terran Infantry Weapons Level 1  
  73  5:49  Terran Infantry Armor Level 1, Refinery  
  73  5:52  Starport Reactor  
  73  5:53  Supply Depot  
  73  5:54  SCV x2  
  73  5:55  Marine  
  76  5:59  Missile Turret  
  76  6:00  Marine  
  76  6:01  Marine  
  76  6:02  Orbital Command, Marine  
  79  6:06  SCV x2  
  79  6:08  Marine  
  82  6:12  Siege Tank  
  85  6:21  SCV x2  
  85  6:23  Marine  
  85  6:24  Marine x2  
  85  6:25  Supply Depot  
  90  6:28  Barracks Reactor x2  
  90  6:29  SCV  
  91  6:33  SCV  
  91  6:34  Combat Shield  
  91  6:36  Marine  
  93  6:46  Marine x4  
  93  6:47  Medivac x2  
  101  6:52  Supply Depot  
  101  6:53  Marine x2, Supply Depot  
  101  6:54  Marine, SCV x3  
  107  7:04  Marine x2, Supply Depot  
  107  7:05  Supply Depot  
  109  7:14  Siege Tank, SCV x3, Marine x4  
  119  7:15  Armory  
  119  7:16  Supply Depot, Marine  
  120  7:23  Marine  
  120  7:24  Medivac  
  120  7:26  Medivac  
  120  7:27  SCV  
  120  7:28  SCV  
  120  7:29  SCV  
  128  7:31  Supply Depot, Marine  
  128  7:32  Marine, Refinery  
  128  7:33  Marine  
  128  7:34  Marine  
  128  7:35  Marine  
  133  7:38  Marine  
  133  7:41  Marine  
  133  7:42  Marine x2  
  137  7:49  Marine  
  137  7:50  Marine  
  137  7:51  Marine  
  140  7:53  Marine  
  140  7:58  Siege Tank  
  144  7:59  Marine x2  
  144  8:04  Terran Infantry Weapons Level 2  
  144  8:05  Marine x2  
  147  8:06  Supply Depot  
  147  8:07  Marine x2  
  147  8:10  Marine  
  151  8:13  Marine  
  151  8:14  Command Center  
  151  8:16  Marine x2  
  151  8:17  Medivac x2  
  157  8:21  Supply Depot  
  157  8:22  Terran Infantry Armor Level 2  
  157  8:27  SCV, Marine  
  159  8:36  Marine x2  
  159  8:37  Marine  
  162  8:41  Marine x2  
  162  8:42  Marine x2  
  162  8:46  Marine x2  
  152  8:52  Siege Tank  
  152  8:53  Marine  
  152  8:54  Marine x2  
  149  8:59  Marine x2  
  149  9:00  Marine x2  
  149  9:01  Factory  
  148  9:03  Marine x2, Medivac, Refinery  
  152  9:10  Medivac  
  152  9:11  Marine x2  
  152  9:12  Marine  
  152  9:17  Marine x2  
  157  9:18  Marine x2  
  157  9:21  Marine x2  
  158  9:29  Marine x2  
  158  9:30  Marine, SCV  
  162  9:34  Marine  
  162  9:35  Marine  
  162  9:36  Marine x2  
  162  9:38  SCV  
  145  9:39  Marine  
  145  9:40  Marauder  
  122  9:47  Marine x2  
  122  9:48  Marine  
  122  9:52  Siege Tank, Marine x2  
  118  9:53  Marine  
  118  9:54  Medivac x2, Marine  
  118  9:56  SCV  
  118  9:57  Marine  
  118  9:58  SCV  
  122  10:00  Marine  
  122  10:05  Marine x2  
  122  10:06  Marine  
  120  10:08  SCV  
  120  10:10  SCV, Marine x2  
  120  10:11  Marine  
  124  10:17  Marine x2  
  124  10:19  Marauder  
  124  10:20  SCV  
  128  10:23  SCV  
  128  10:24  Marine  
  128  10:26  Marine  
  125  10:36  Marine x2  
  125  10:37  Marine  
  125  10:38  Siege Tank  
  125  10:39  Medivac  
  125  10:42  Marine  
  131  10:46  Marine, Supply Depot  
  131  10:47  Marine  
  133  10:51  Marine  
  133  10:52  Marine  
  133  10:53  Marine  
  136  11:04  Marine x2  
  114  11:05  Marine  
  114  11:06  Marine x2  
  114  11:07  Marine  
  114  11:09  Marine  
  99  11:17  Siege Tank, Marine  
  99  11:18  Orbital Command  
  103  11:22  SCV  
  103  11:24  Marine  
  105  11:28  Marine  
  105  11:30  Marine  
  107  11:33  Marine  
  107  11:36  SCV  
  108  11:41  Marine x2  
  108  11:45  Marine  
  111  11:49  Marine  
  112  11:57  Marine  
  112  11:59  Marine  
  112  12:00  Marine  
  112  12:01  Marine x3  
  100  12:04  Siege Tank  
  100  12:06  Marine  
  107  12:08  Marine  
  107  12:09  Marine  
  107  12:14  Liberator  
  112  12:16  Marine  
  112  12:22  Marine  
  114  12:29  Terran Infantry Weapons Level 3, Marine x2  
  108  12:30  Marine  
  108  12:33  Marine  
  108  12:34  Marine x2  
  108  12:35  Marine  
  110  12:39  Liberator  
  110  12:40  Marine  
  110  12:42  Marine  
  115  12:47  Marine  
  115  12:48  Marine  
  115  12:49  Marine  
  118  12:52  Siege Tank  
  118  12:55  Marine x2  
  118  12:57  Marine  
  124  12:59  Marine  
  124  13:04  Marine  
  112  13:07  Marine x2  
  101  13:14  Marine x2  
  101  13:15  Marine  
  99  13:20  Marine  
  99  13:21  Marine  
  99  13:24  Marine, Medivac x2  
  99  13:26  Marine  
  107  13:29  Marine x2  
  107  13:31  Marine x2  
  104  13:38  Marine x2  
  98  13:41  Marine  
  98  13:42  Siege Tank, Marine  
  98  13:44  SCV  
  98  13:45  SCV  
  96  13:49  Marine  
  96  13:51  Marine  
  96  13:52  Marine  
  96  13:55  Marine x2  
  95  13:59  Marine  
  95  14:01  Marine  
  98  14:05  Marine  
  99  14:12  Marine  
  99  14:13  Marine  
  99  14:14  Marine x2  
  99  14:15  Marine  
  104  14:20  Marine x2  
  104  14:24  Marine  
  107  14:29  Siege Tank  
  110  14:32  Marine  
  110  14:37  Marine  
  112  14:42  Marine  
  111  14:48  Marine  
  111  14:50  Marine  
  111  14:51  Marine  
  105  14:57  Marine  
  105  14:58  Marine  
  105  14:59  Marine x2  
  108  15:00  Medivac x2  
  108  15:03  Marine  
  108  15:05  Marine  
  101  15:09  Siege Tank, Marine  
  101  15:12  Marine  
  101  15:13  Marine  
  107  15:16  Marine  
  107  15:17  Marine x2  
  107  15:20  Marine  
  111  15:22  Marine  
  111  15:25  Orbital Command, Marine  
  113  15:32  Sensor Tower, Marine  
  114  15:36  Marine  
  114  15:37  Marine  
  116  15:42  Marine  
  116  15:43  Marine  
  116  15:48  Marine x2  
  120  15:50  Marine  
  120  15:56  SCV x2  
  123  15:58  Marine  
  123  16:02  Marine  
  125  16:04  Marine  
  125  16:06  Marine  
  125  16:09  Marine  
  125  16:10  Marine  
  129  16:16  Siege Tank  
  129  16:17  Marine  
  133  16:18  Marine  
  133  16:20  Marine  
  133  16:23  Marine  
  133  16:24  Marine  
  137  16:29  Marine x2  
  139  16:37  Marine x4  
  143  16:40  Marine  
  143  16:41  Marine  
  143  16:45  Marine  
  143  16:46  Marine  
  145  16:47  Marine  
  145  16:52  Supply Depot  
  143  16:55  Marine x4  
  143  17:00  Marine  
  140  17:04  Marine  
  140  17:05  Marine  
  130  17:09  Marine x2  
  130  17:13  Marine  
  130  17:14  Marine  
  130  17:15  Marine  
  130  17:19  Marine  
  132  17:24  Marine  
  132  17:26  Marine  
  132  17:27  Siege Tank  
  132  17:28  Marine  
  138  17:33  Marine  
  138  17:34  Supply Depot  
  130  17:49  Marine x3  
  116  17:53  Marine x2  
  116  17:55  Marine  
  116  17:57  Medivac x2  
  123  18:03  Marine  
  123  18:05  Marine  
  124  18:08  Marine  
  119  18:15  Marine  
  120  18:21  Marine  
  120  18:24  Siege Tank  
  120  18:26  Marine  
  122  18:27  Marine, Medivac  
  122  18:30  Marine  
  122  18:33  Marine x2  
  104  18:37  Marine  
  104  18:42  Terran Infantry Armor Level 3  
  104  18:44  Marine  
  104  18:47  Marine  
  105  18:48  Marine  
  105  18:51  Marine  
  105  18:53  Marine  
  105  18:54  Marine  
  108  19:02  Marine  
  109  19:09  Siege Tank  
  107  19:10  Marine  
  107  19:16  Marine  
  101  19:19  Marine  
  101  19:21  Marine  
  91  19:24  Marine x2  
  91  19:26  Medivac x2  
  91  19:27  Marine  
  91  19:28  Marine  
  91  19:30  Marine  
  98  19:32  Marine  
  98  19:40  Marine x2  
  98  19:41  Marine  
  98  19:42  Marine  
  102  19:50  Marine  
  93  19:54  Marine  
  93  19:58  Marine x2  
  93  19:59  Marine  
  68  20:02  Marine  
  68  20:03  Marine  
  68  20:04  Marine x2  
  68  20:06  Siege Tank  
  70  20:08  Marine  
  70  20:12  Marine  
  70  20:13  Orbital Command  
  72  20:16  Marine  
  72  20:17  Marine x2  
  74  20:23  Marine  
  74  20:24  Marine  
  74  20:25  Marine x2  
  74  20:26  Marine  
  78  20:30  Marine  
  79  20:39  Marine  
  78  20:44  Marine  
  79  20:50  Orbital Command  
  79  21:05  Marine  
  79  21:10  Marine  
  81  21:17  Marine  
  82  21:23  Marine  
  83  21:27  Marine  
  83  21:28  Marine  
  83  21:30  Marine  
  86  21:34  Marine  
  86  21:37  Marine  
  88  21:42  Marine  
  88  21:44  Marine  
  69  21:47  Marine  
  69  21:48  Marine  
  62  21:57  Marine  
  63  22:02  Marine  
  63  22:13  Marine  
  62  22:25  Marine  

Tags
 
Add a new tag
Caveats
  • Supply blocks, unpowered buildings, or Contaminate may cause inaccurate times.
  • Supply counts are checked every 10 seconds.